 Dungeon Crawl Stone Soup version 0.20.1-1-g8b1a95d (webtiles) character file.

1986980 dvd the Hoplite (level 26, 239/261 HPs)
             Began as a Minotaur Wanderer on Sept 10, 2017.
             Was the Champion of Okawaru.
             Escaped with the Orb
             ... and 3 runes on Sept 11, 2017!
             The game lasted 04:04:55 (49559 turns).

dvd the Hoplite (Minotaur Wanderer)                Turns: 49559, Time: 04:04:56

Health: 239/261    AC: 34    Str: 25    XL:     26   Next: 24%
Magic:  29/29      EV: 17    Int: 12    God:    Okawaru [******]
Gold:   3456       SH: 36    Dex: 36    Spells: 11/27 levels left

rFire    + + +     SeeInvis +   a - +8 broad axe (elec)
rCold    + . .     Gourm    .   K - +4 large shield {rC+}
rNeg     + + .     Faith    .   N - +5 plate armour of Intercession {rF+ rC+ Dex+4 SInv}
rPois    +         Spirit   .   C - +2 hat "Jokh" {Dex+4}
rElec    +         Reflect  +   u - +2 cloak "Duetiq" {Str+3}
rCorr    .         Harm     .   R - +1 pair of gloves "Sunnahar" {*Contam rF+ Int+5 Dex+2}
MR       ++++.     Rnd*Rage +   q - +2 pair of boots {run}
Stlth    +.........             l - amulet "Kovyes" {Reflect rPois rN+ Int-3 SH+4 Stlth+}
Regen    1.4/turn               x - ring "Jurhimu" {Fire *Corrode rElec Int+4 Dex+10 Stlth+}
MPRegen  0.3/turn               G - ring "Eskomage" {+Blink rPois rN+}

@: quick
A: retaliatory headbutt, hooves 1, horns 2, rugged brown scales 1, berserk 1,
deformed body, dopey 1, magic resistance 3, regeneration 2, weak 1, sturdy frame
1
0: Orb of Zot
}: 3/15 runes: serpentine, barnacled, silver
a: Heroism, Finesse, Renounce Religion, Evoke Blink


You escaped.
You worshipped Okawaru.
Okawaru was exalted by your worship.
You were not hungry.

You visited 10 branches of the dungeon, and saw 50 of its levels.
You visited the Abyss 3 times.
You also visited: Labyrinth, Trove, Bailey and Ice Cave.

You collected 6070 gold pieces.
You spent 2614 gold pieces at shops.

Inventory:

Hand Weapons
 a - a +8 broad axe of electrocution (weapon)
 b - the +11 fustibalus of the Swamp {velocity, Int+3}
   (You found it in a treasure trove)

   Any stone fired from it inflicts extra damage.
   It affects your intelligence (+3).
 c - the +5 trident of the Feather {speed, +Fly rElec rC++}
   (Okawaru gifted it to you on level 14 of the Dungeon)

   Attacks with this weapon are significantly faster.
   It greatly protects you from cold.
   It insulates you from electricity.
   It lets you fly.
 j - a +9 war axe of freezing
 p - the +4 fustibalus of Nodem {velocity, rC+++ MR+ Dex-3 Stlth+}
   (Okawaru gifted it to you on level 3 of the Vaults)

   Any stone fired from it inflicts extra damage.
   It affects your dexterity (-3).
   It renders you almost immune to cold.
   It affects your resistance to hostile enchantments.
   It makes you more stealthy.
 B - the +5 mace of the Neverending Orbs {venom, *Slow rC+++ SInv Stlth+}
   (You found it on level 5 of the Vaults)

   It poisons the flesh of those it strikes.
   It renders you almost immune to cold.
   It lets you see invisible.
   It may slow you when you take damage.
   It makes you more stealthy.
 Y - the +8 autumn katana {slice, Clar}
   (Okawaru gifted it to you on level 5 of the Realm of Zot)

   It inflicts extra damage upon your enemies.
   It protects you against confusion.
Missiles
 y - 88 javelins (quivered)
 A - 630 sling bullets
Armour
 o - a scarf of spirit shield
 q - a +2 pair of boots of running (worn)
 u - the +2 cloak "Duetiq" (worn) {Str+3}
   (Okawaru gifted it to you on level 4 of the Shoals)

   It affects your strength (+3).
 C - the +2 hat "Jokh" (worn) {Dex+4}
   (Okawaru gifted it to you on level 3 of the Elven Halls)

   It affects your dexterity (+4).
 K - a +4 large shield of cold resistance (worn)
 N - the +5 plate armour of Intercession (worn) {rF+ rC+ Dex+4 SInv}
   (You found it in a bailey)

   It affects your dexterity (+4).
   It protects you from fire.
   It protects you from cold.
   It lets you see invisible.
 P - the +9 plate armour of the Elephant {rElec rPois rF- Stlth-}
   (You found it in a labyrinth)

   It makes you vulnerable to fire.
   It insulates you from electricity.
   It protects you from poison.
   It makes you less stealthy.
 R - the +1 pair of gloves "Sunnahar" (worn) {*Contam rF+ Int+5 Dex+2}
   (You acquired it on level 4 of the Vaults)

   It affects your intelligence (+5).
   It affects your dexterity (+2).
   It protects you from fire.
   It causes magical contamination when unequipped.
Jewellery
 l - the amulet "Kovyes" (around neck) {Reflect rPois rN+ Int-3 SH+4 Stlth+}
   (You took it off a deep elf mage on level 3 of the Elven Halls)

   [amulet of reflection]

   It shields you and reflects attacks.
   It affects your intelligence (-3).
   It protects you from poison.
   It protects you from negative energy.
   It affects your SH (+4).
   It makes you more stealthy.
 r - the ring of Peisyif {Fire rElec Str+7}
   (You took it off a deep elf demonologist on level 3 of the Elven Halls)

   [ring of fire]

   It enhances your fire magic.
   It affects your strength (+7).
   It protects you from fire.
   It makes you vulnerable to cold.
   It insulates you from electricity.
 w - the ring of Ommiczon {rCorr rC- Str+10 Stlth+}
   (You found it in a treasure trove)

   [ring of resist corrosion]

   It affects your strength (+10).
   It makes you vulnerable to cold.
   It makes you more stealthy.
 x - the ring "Jurhimu" (left hand) {Fire *Corrode rElec Int+4 Dex+10 Stlth+}
   (You acquired it on level 9 of the Dungeon)

   [ring of fire]

   It enhances your fire magic.
   It affects your intelligence (+4).
   It affects your dexterity (+10).
   It protects you from fire.
   It makes you vulnerable to cold.
   It insulates you from electricity.
   It may corrode you when you take damage.
   It makes you more stealthy.
 G - the ring "Eskomage" (right hand) {+Blink rPois rN+}
   (You took it off a deep elf demonologist on level 3 of the Elven Halls)

   [ring of poison resistance]

   It protects you from poison.
   It protects you from negative energy.
   It lets you blink.
 Z - the ring of Ciphi {rF+ rN+}
   (You acquired it in a bailey)

   [ring of positive energy]

   It protects you from fire.
   It protects you from negative energy.
Wands
 k - a wand of lightning (9/15)
 Q - a wand of digging (20/24)
 S - a wand of acid (10/15)
Scrolls
 e - 5 scrolls of fog
 h - 6 scrolls of blinking
 i - 21 scrolls of remove curse
 m - 26 scrolls of identify
 t - 7 scrolls of magic mapping
 z - 17 scrolls of teleportation
 E - 7 scrolls of recharging
 F - 10 scrolls of fear
 L - 3 scrolls of holy word
Potions
 g - 2 potions of resistance
 v - 6 potions of might
 D - 7 potions of brilliance
 H - 10 potions of heal wounds
 I - 8 potions of curing
 M - 7 potions of ambrosia
 O - 5 potions of magic
 T - 9 potions of mutation
 U - 2 potions of cancellation
 V - 3 potions of haste
 W - 9 potions of agility
 X - 13 potions of flight
Comestibles
 d - 60 fruits
 f - 29 bread rations
 n - 27 royal jellies
 s - 19 meat rations


   Skills:
 + Level 24.2 Fighting
 + Level 23.3(24.1) Axes
 + Level 11.8(19.0) Polearms
 + Level 14.9(15.0) Slings
 + Level 3.2(9.8) Throwing
 * Level 22.6 Armour
 + Level 8.1 Dodging
 + Level 4.4 Stealth
 + Level 24.6 Shields
 + Level 1.1 Spellcasting
 + Level 0.1 Charms
 + Level 1.5 Necromancy
 + Level 10.4 Invocations
 + Level 2.1 Evocations


You had 11 spell levels left.
You knew the following spells:

 Your Spells              Type           Power        Failure   Level  Hunger
a - Regeneration          Chrm/Necr      #.........   91%         3    ####...
b - Aura of Abjuration    Summ           #.........   100%        5    ######.
c - Deflect Missiles      Chrm/Air       #.........   100%        6    #######
d - Blink                 Tloc           N/A          83%         2    ###....


Dungeon Overview and Level Annotations

Branches:
Dungeon (15/15)            Temple (1/1) D:5            Lair (6/6) D:10
 Shoals (4/4) Lair:2        Snake (4/4) Lair:4        Slime (0/5) Lair:6
    Orc (2/2) D:10            Elf (3/3) Orc:2        Vaults (5/5) D:14
  Crypt (0/3) Vaults:2     Depths (5/5) D:15            Zot (5/5) Depths:5

Altars:
Ashenzari
Cheibriados
Dithmenos
Elyvilon
Fedhas
Gozag
Hepliaklqana
Kikubaaqudgha
Makhleb
Nemelex Xobeh
Okawaru
Qazlal
Ru
Sif Muna
Trog
Uskayaw
Vehumet
Xom
Yredelemnul
Zin
The Shining One
Jiyva

Shops:
D:4 *   D:7 *   Orc:2 (}!!   Elf:1 *   Snake:3 !*[[   Snake:4 %:(}   Vaults:3 =
Vaults:4 %

Portals:
Hell: Depths:1
Ziggurat: Depths:5


Innate Abilities, Weirdness & Mutations

You reflexively headbutt those who attack you in melee.
You have a pair of horns on your head.
You have large cloven feet.
You are partially covered in rugged brown scales. (AC +1, +3% HP)
You tend to lose your temper in combat.
Armour fits poorly on your strangely shaped body.
You are dopey. (Int -2)
You are extremely resistant to the effects of hostile enchantments. (MR+++)
You heal very quickly.
You are weak. (Str -2)
Your movements are slightly less encumbered by armour. (ER -2)


Message History

(P) Snake Pit (M) Slime Pits (O) Orcish Mines (E) Elven Halls (V) Vaults (C) Crypt (U) Depths (H) Hell (Z) Zot
Where to? (Enter - D:1, ? - help) You're already here!
Unknown command.
You feel like a meek peon again.
You open the door.
There is an open door here.
There is a staircase leading out of the dungeon here.
You feel extremely strange.
Your system mostly accepts the healing effects of potions.
Your magic regains its normal vibrancy.
You feel robust.
You feel stronger.
Your system completely accepts the healing effects of potions.
Your thin metallic scales disappear.
Your feet thicken and deform.
Unknown command.
Save game and exit?
Okay, then.
Unknown command.
You have escaped!

#.........#### #..# #.# #...#
###............###..# #.# #...##
....................# #.# #.....
########.#####.###..# #.# #..)##
#.# #.# #..# #.# #...#
########.#####.###..###)####...#
.........................>##...##
...............###...............
#.#.####.#######@######.#.##...##
#.#.# #.##...........#.#.##...##
#.#.####.##'####'####+#..........
..#............#.# #...#.###..##
.....###.##.##...# #####.###..##
.....###.##.##.#######...........
.........##.##.#...........##....
###..######.##.#...........##..##
.....######.##.#...........##..#


There were no monsters in sight!

Vanquished Creatures
  A seraph (Zot:5)
  4 orbs of fire
  2 ancient liches (Zot:5)
  Sojobo (Vaults:2)
  Frederick (Vaults:3)
  2 curse toes
  4 Killer Klowns (Zot:5)
  Bai Suzhen (Depths:1)
  5 golden dragons
  2 pandemonium lords
  4 electric golems
  Jorgrun (Shoals:2)
  9 tentacled monstrosities
  26 Orb Guardians
  3 quicksilver dragons
  2 deep elf blademasters (Elf:3)
  3 titans
  2 deep elf master archers (Elf:3)
  A tentacled starspawn (Abyss:3)
  A kraken (Shoals:2)
  4 sphinxes
  Gastronok (Lair:2)
  5 death cobs
  A thorn hunter (Abyss:3)
  Roxanne (Elf:2)
  4 storm dragons
  5 shadow dragons
  4 tengu reavers
  Ilsuiw (Shoals:4)
  10 fire giants
  5 draconian knights
  10 deep elf sorcerers
  3 draconian monks
  11 frost giants
  10 nagarajas
  Louise (D:14)
  13 vault wardens
  A ghost moth (Zot:5)
  Aizul (Elf:1)
  2 cacodemons
  4 deep elf elementalists
  5 very ugly things
  4 draconian annihilators
  2 ghouls
  13 ironheart preservers
  13 stone giants
  2 entropy weavers
  6 green draconians
  4 deep elf demonologists
  6 deep elf annihilators
  6 red draconians
  5 black draconians
  7 yellow draconians
  2 white draconians (Depths:5)
  2 purple draconians (Zot:2)
  Snorg (Lair:5)
  A minotaur (Lab)
  7 merfolk javelineers (Shoals:4)
  8 ettins
  4 fire dragons
  Josephine (D:13)
  A crystal guardian (Vaults:3)
  9 deep elf death magi
  6 merfolk impalers
  The ghost of kaze the Severer, a journeyman MiBe of Trog (IceCv)
  3 deep elf high priests (Elf:3)
  A fire dragon (shapeshifter) (Vaults:2)
  8 ogre magi
  10 yaktaur captains
  6 great orbs of eyes
  3 ice dragons
  7 hydras
  5 rakshasas
  A spriggan air mage (Depths:5)
  A hell beast (Depths:1)
  32 vault guards
  9 centaur warriors
  18 naga warriors
  11 merfolk aquamancers
  A catoblepas (D:14)
  10 anacondas
  2 alligator snapping turtles (Shoals:4)
  20 dancing weapons
  4 hell hogs (Abyss:3)
  43 two-headed ogres
  4 death knights
  4 satyrs
  4 merfolk avatars
  4 tengu warriors
  13 naga sharpshooters
  3 deep troll shamans
  8 shock serpents
  7 orc high priests
  A shock serpent (shapeshifter) (Vaults:4)
  8 thrashing horrors (Abyss:3)
  A spriggan berserker (Depths:3)
  The ghost of acidapple the Quickloader, a novice KoHu of Okawaru (D:8)
  6 iron trolls
  Sonja (Lair:2)
  2 soul eaters
  19 deep elf knights
  5 wretched stars (Abyss:3)
  5 hell knights
  2 sun demons
  2 salamander mystics
  7 skeletal warriors
  4 unseen horrors
  2 spatial maelstroms (Abyss:3)
  A spectral anaconda (Depths:4)
  A death drake (shapeshifter) (D:15)
  21 sea snakes
  A death drake (Depths:4)
  11 wizards
  5 flayed ghosts
  14 deep elf archers
  11 deep trolls
  14 harpies
  5 naga ritualists
  17 orc knights
  16 ironbrand convokers
  A lindwurm (shapeshifter) (Vaults:5)
  73 deep elf magi
  4 phantasmal warriors
  3 necromancers
  3 wolf spiders
  44 ugly things
  A lindwurm (Lair:6)
  17 fauns
  11 mana vipers
  2 orc sorcerers
  A faun (shapeshifter) (Vaults:3)
  11 manticores
  18 moths of wrath
  9 cyclopes
  A worldbinder (Abyss:3)
  4 elephants (Lair:5)
  An apocalypse crab (Abyss:3)
  6 salamanders
  15 merfolk sirens
  7 vault sentinels
  11 guardian serpents
  A rust devil (Zot:4)
  7 water nymphs
  2 guardian serpents (shapeshifter)
  An ice statue (IceCv)
  3 orange demons
  25 black mambas
  2 molten gargoyles (Lair:6)
  23 naga magi
  A spiny frog (shapeshifter) (D:15)
  6 gargoyles
  16 spiny frogs
  3 rime drakes
  A hellion (Abyss:3)
  6 centaur skeletons
  11 freezing wraiths
  3 efreet
  2 kobold demonologists (D:15)
  16 komodo dragons
  27 yaktaurs
  2 ice devils
  2 yaktaurs (shapeshifter)
  A hellwing (Depths:1)
  3 meliai (Lair:6)
  A queen bee (Lair:6)
  A troll (shapeshifter) (Elf:3)
  A polar bear (shapeshifter) (Vaults:1)
  21 polar bears
  2 red devils
  10 trolls
  An ancient zyme (Abyss:3)
  9 hornets
  24 merfolk
  A tengu simulacrum (Vaults:3)
  5 wind drakes
  11 slime creatures
  2 blink frogs (shapeshifter)
  13 large abominations
  6 hippogriffs
  10 snapping turtles
  9 dream sheep
  4 raiju (Abyss:2)
  13 blink frogs (Lair:3)
  A meliai zombie (D:15)
  Sigmund (D:3)
  6 air elementals
  A centaur simulacrum (D:15)
  A shadow (D:15)
  3 ynoxinuls
  2 spriggans
  2 spriggans (shapeshifter)
  2 tarantellas (Vaults:2)
  A redback (shapeshifter) (Vaults:1)
  8 wraiths
  38 yaks
  20 humans (D:14)
  13 starcursed masses (Abyss:3)
  3 wyverns
  A basilisk (shapeshifter) (Depths:3)
  3 fire elementals
  13 water elementals
  4 chaos spawn
  6 neqoxecs
  3 hungry ghosts
  5 basilisks
  2 steam dragons (Lair:6)
  9 wargs
  A spatial vortex (Abyss:3)
  5 swamp worms (Lair:1)
  A tengu zombie (Depths:1)
  An acid dragon (D:15)
  67 nagas
  2 soldier ants (D:13)
  8 porcupines
  6 hell hounds
  13 water moccasins
  3 black bears (shapeshifter)
  A hornet zombie (D:14)
  An ice dragon simulacrum (Vaults:1)
  68 orc warriors
  6 sky beasts
  3 black bears
  2 phantoms
  6 ice beasts
  2 necrophages
  2 eyes of draining
  61 wolves
  7 boggarts
  An eye of draining (shapeshifter) (Vaults:2)
  31 ogres
  15 centaurs
  12 crocodiles
  3 big kobolds
  22 bullfrogs
  A gnoll sergeant (D:9)
  6 earth elementals
  5 scorpions
  An elf simulacrum (Vaults:2)
  21 killer bees
  10 electric eels
  2 howler monkeys
  4 lava snakes (Lair:6)
  12 small abominations
  4 crimson imps
  2 quasits
  2 bullfrog zombies (D:6)
  2 centaur zombies
  2 gnoll shamans
  An iron imp (Depths:1)
  8 hounds
  5 jellies
  36 orc priests
  A bullfrog skeleton (D:11)
  An iguana (D:13)
  11 worker ants
  39 orc wizards
  Terence (D:2)
  A hound skeleton (D:8)
  2 worker ant zombies
  A howler monkey zombie (D:7)
  28 gnolls
  12 adders
  2 shadow imps
  An ooze (D:1)
  An adder skeleton (D:9)
  15 worms
  3 dart slugs
  4 leopard geckos
  140 orcs
  11 bats
  4 giant cockroaches
  13 goblins
  15 hobgoblins
  10 jackals
  19 kobolds
  4 quokkas
  3 ball pythons
  3 frilled lizards
  A giant cockroach zombie (D:6)
  A jackal zombie (D:6)
  A leopard gecko skeleton (D:9)
  3 rats
  2 briar patches (Abyss:3)
  2 crawling corpses
  3 fungi
  A lurking horror (Abyss:3)
  12 plants
  2 starspawn tentacles (Abyss:3)
  2 tentacles (Shoals:2)
2261 creatures vanquished.

Vanquished Creatures (collateral kills)
  A black mamba (Snake:4)
1 creature vanquished.

Vanquished Creatures (others)
  A Hell Sentinel (Depths:5)
  A vault warden (Vaults:2)
  An ironheart preserver (Vaults:2)
  3 stone giants
  A white draconian (Depths:5)
  A purple draconian (Zot:4)
  A vault guard (Vaults:5)
  A merfolk aquamancer (Shoals:3)
  A centaur warrior (Vaults:3)
  A deep elf knight (Elf:1)
  A wolf spider (Vaults:2)
  A cyclops (Vaults:2)
  A moth of wrath (Zot:5)
  A vault sentinel (Vaults:4)
  6 yaktaurs
  A water elemental (Shoals:4)
  A warg (Depths:4)
  An ogre (Vaults:5)
  A quasit (Zot:5)
  A hound (D:7)
  An orc (D:7)
  A briar patch (Abyss:3)
  8 fungi
  9 plants
  6 tentacles (Shoals:2)
52 creatures vanquished.

Grand Total: 2314 creatures vanquished

Notes
Turn   | Place    | Note
-------+----------+-------------------------------------------
     0 | D:1      | dvd the Minotaur Wanderer began the quest for the Orb.
     0 | D:1      | dvd set off with: a +2 spear, a +0 mace, a wand of random effects (15/48), a +0 robe, a bread ration
     0 | D:1      | Reached XP level 1. HP: 19/19 MP: 1/1
    51 | D:1      | Reached XP level 2. HP: 13/27 MP: 2/2
   161 | D:1      | Reached XP level 3. HP: 26/35 MP: 3/3
   359 | D:1      | Reached skill level 5 in Fighting
   964 | D:2      | Reached XP level 4. HP: 42/42 MP: 4/4
  1103 | D:2      | Reached skill level 1 in Polearms
  1306 | D:2      | Noticed Terence
  1320 | D:2      | Killed Terence
  1464 | D:2      | Reached XP level 5. HP: 45/48 MP: 5/5
  1552 | D:2      | Found a sparkling altar of Nemelex Xobeh.
  1553 | D:2      | Found a deep blue altar of Sif Muna.
  1955 | D:3      | Noticed Sigmund
  2073 | D:4      | Noticed a sky beast
  2087 | D:4      | Killed a sky beast
  2087 | D:4      | Reached XP level 6. HP: 48/56 MP: 6/6
  2177 | D:4      | Found Deonuimi's Assorted Antiques.
  2219 | D:4      | Reached skill level 1 in Dodging
  2475 | D:4      | Found an opulent altar of Gozag.
  2476 | D:4      | Found a sacrificial altar of Ru.
  2477 | D:4      | Found an iron altar of Okawaru.
  2495 | D:4      | Became a worshipper of Warmaster Okawaru
  2722 | D:5      | Entered Level 5 of the Dungeon
  2785 | D:5      | Reached skill level 5 in Polearms
  2821 | D:5      | Found a staircase to the Ecumenical Temple.
  2828 | Temple   | Entered the Ecumenical Temple
  2969 | D:5      | Noticed an ice beast
  2982 | D:5      | Killed an ice beast
  2982 | D:5      | Reached XP level 7. HP: 35/62 MP: 7/7
  3182 | D:5      | Found a bloodstained altar of Trog.
  3406 | D:5      | Reached * piety under Okawaru
  3484 | D:6      | Found a sacrificial altar of Ru.
  3546 | D:6      | Reached skill level 5 in Armour
  3710 | D:6      | Got a pair of bloodstained boots
  3716 | D:6      | Identified the +1 pair of boots of Conscience {rF+} (You found it on level 6 of the Dungeon)
  3933 | D:6      | Reached XP level 8. HP: 63/70 MP: 8/8
  4151 | D:6      | Noticed a hippogriff
  4152 | D:6      | Got a faintly humming leather armour
  4166 | D:6      | Identified the +0 leather armour "Zowoofas" {+Blink Str-5 Int-4 Dex+7} (You found it on level 6 of the Dungeon)
  4193 | D:6      | Reached skill level 1 in Slings
  4218 | D:6      | Killed a hippogriff
  4319 | D:6      | Reached skill level 1 in Shields
  4897 | D:6      | Reached ** piety under Okawaru
  5082 | D:6      | Reached XP level 9. HP: 50/78 MP: 9/9
  5275 | D:3      | Killed Sigmund
  5963 | D:7      | Reached skill level 1 in Invocations
  6087 | D:7      | Found Rarilet's General Store.
  6092 | D:7      | Found an iron altar of Okawaru.
  6118 | D:7      | Reached skill level 1 in Axes
  6143 | D:7      | Bought a potion of heal wounds for 60 gold pieces
  6143 | D:7      | Bought a scroll of fear for 42 gold pieces
  6646 | D:7      | Reached *** piety under Okawaru
  7067 | D:8      | Reached XP level 10. HP: 73/87 MP: 10/10
  7097 | D:8      | Noticed acidapple's ghost (novice KoHu)
  7124 | D:8      | Killed acidapple's ghost
  7124 | D:8      | Reached skill level 5 in Shields
  7635 | D:9      | Reached skill level 10 in Polearms
  7725 | D:9      | Reached **** piety under Okawaru
  8113 | D:9      | Noticed a two-headed ogre
  8120 | D:9      | Killed a two-headed ogre
  8138 | D:9      | Identified a scroll of acquirement
  8139 | D:9      | Got a flickering pewter ring
  8141 | D:9      | Identified the ring "Jurhimu" {Fire *Corrode rElec Int+4 Dex+10 Stlth+} (You acquired it on level 9 of the Dungeon)
  8161 | D:9      | Gained mutation: You tend to lose your temper in combat. [potion of mutation]
  8161 | D:9      | Gained mutation: You are partially covered in slimy green scales. (AC +2) [potion of mutation]
  8162 | D:9      | Lost mutation: You tend to lose your temper in combat. [potion of mutation]
  8162 | D:9      | Lost mutation: You are partially covered in slimy green scales. (AC +2) [potion of mutation]
  8162 | D:9      | Gained mutation: Your natural rate of healing is unusually fast. [potion of mutation]
  8162 | D:9      | Gained mutation: You are agile. (Dex +2) [potion of mutation]
  8162 | D:9      | Gained mutation: You passively map a small area around you. [potion of mutation]
  8162 | D:9      | Gained mutation: You are partially covered in large bone plates. (SH +4) [potion of mutation]
  8282 | D:10     | Entered Level 10 of the Dungeon
  8313 | D:10     | Reached skill level 5 in Axes
  8360 | D:10     | Reached ***** piety under Okawaru
  8468 | D:10     | Identified the Grimoire of Assistive Ignition
  8474 | D:10     | Learned a level 3 spell: Regeneration
  8492 | D:10     | Got an ichor-stained dagger
  8493 | D:10     | Identified the +2 dagger "Taax" {venom, rF- rC++ rN+++ MR+} (You found it on level 10 of the Dungeon)
  8545 | D:10     | Reached skill level 1 in Throwing
  8556 | D:10     | Noticed a two-headed ogre
  8566 | D:10     | Killed a two-headed ogre
  8660 | D:10     | Reached XP level 11. HP: 97/97 MP: 11/11
  8664 | D:10     | Received a gift from Okawaru
  8671 | D:10     | Found a staircase to the Lair.
  8705 | D:10     | Noticed a two-headed ogre
  8715 | D:10     | Killed a two-headed ogre
  8716 | D:10     | Found a staircase to the Orcish Mines.
  9270 | Lair:1   | Entered Level 1 of the Lair of Beasts
  9278 | Lair:1   | Received a gift from Okawaru
  9281 | Lair:1   | Got an ichor-stained robe {god gift}
  9292 | Lair:1   | Identified the +1 robe of the Sacrificial Victim {rF+ rC+} (Okawaru gifted it to you on level 1 of the Lair of Beasts)
  9329 | Lair:1   | Reached skill level 5 in Slings
  9329 | Lair:1   | Reached skill level 5 in Dodging
  9833 | Lair:1   | Noticed a four-headed hydra
  9842 | Lair:1   | Killed a one-headed hydra
 10165 | Lair:2   | Noticed a spriggan rider
 10171 | Lair:2   | Reached skill level 10 in Fighting
 10185 | Lair:2   | Reached skill level 10 in Axes
 10290 | Lair:2   | Reached skill level 10 in Armour
 10290 | Lair:2   | Reached XP level 12. HP: 65/106 MP: 12/12
 10387 | Lair:2   | Received a gift from Okawaru
 10551 | Lair:2   | Found a staircase to the Shoals.
 10760 | Lair:2   | Noticed Gastronok
 10780 | Lair:2   | Killed Gastronok
 10790 | Lair:2   | Learned a level 5 spell: Aura of Abjuration
 10859 | Lair:2   | Noticed Sonja
 10879 | Lair:2   | Killed Sonja
 11259 | Lair:3   | Received a gift from Okawaru
 11260 | Lair:3   | Noticed a five-headed hydra
 11268 | Lair:3   | Killed a one-headed hydra
 11270 | Lair:3   | Got a twisted halberd {god gift}
 11276 | Lair:3   | Identified the +5 halberd of Infection {antimagic, rF+} (Okawaru gifted it to you on level 3 of the Lair of Beasts)
 12071 | Lair:3   | Received a gift from Okawaru
 12712 | Lair:4   | Found a staircase to the Snake Pit.
 12893 | Lair:4   | Received a gift from Okawaru
 13036 | Lair:4   | Reached XP level 13. HP: 110/116 MP: 13/13
 13059 | Lair:4   | Learned a level 6 spell: Deflect Missiles
 13566 | Lair:5   | Noticed Snorg
 13587 | Lair:5   | Killed Snorg
 13587 | Lair:5   | Reached ****** piety under Okawaru
 13958 | Lair:6   | Entered Level 6 of the Lair of Beasts
 13969 | Lair:6   | Received a gift from Okawaru
 13995 | Lair:6   | Reached skill level 10 in Shields
 14006 | Lair:6   | Got a steaming cloak {god gift}
 14017 | Lair:6   | Identified the +1 cloak of Rationality {Int+3} (Okawaru gifted it to you on level 6 of the Lair of Beasts)
 14702 | Lair:6   | Found a large runed door.
 14709 | Lair:6   | Found a large runed door.
 14710 | Lair:6   | Noticed a fire dragon
 14883 | Lair:6   | Killed a fire dragon
 14886 | Lair:6   | Got a polished scale mail
 14897 | Lair:6   | Identified the +6 scale mail of Refuge {rC+} (You found it on level 6 of the Lair of Beasts)
 15187 | Lair:6   | Found a staircase to the Slime Pits.
 15187 | Lair:6   | Found a viscous altar of Jiyva.
 15506 | Lair:6   | Reached XP level 14. HP: 127/127 MP: 14/14
 15513 | Lair:6   | Received a gift from Okawaru
 15965 | Orc:1    | Entered Level 1 of the Orcish Mines
 15970 | Orc:1    | Paralysed by an orc sorcerer for 7 turns
 16255 | Orc:1    | Found a flagged portal.
 16272 | Bailey   | Entered a bailey
 16317 | Bailey   | Found an iron altar of Okawaru.
 16549 | Bailey   | Got a crude plate armour
 16589 | Bailey   | Identified the +5 plate armour of Intercession {rF+ rC+ Dex+4 SInv} (You found it in a bailey)
 16708 | Bailey   | Got a translucent marble ring
 16710 | Bailey   | Identified the ring of Ciphi {rF+ rN+} (You acquired it in a bailey)
 17316 | Orc:2    | Entered Level 2 of the Orcish Mines
 17481 | Orc:2    | Found a staircase to the Elven Halls.
 18009 | Orc:1    | Reached skill level 15 in Axes
 18009 | Orc:1    | Received a gift from Okawaru
 18379 | Orc:2    | Found Poshreug's Distillery.
 18383 | Orc:2    | Found Pomisol's Gadget Boutique.
 18385 | Orc:2    | Found Jucvi's Weapon Shop.
 18388 | Orc:2    | Found Vakhliwe's Distillery.
 18400 | Orc:2    | Bought a potion of haste for 170 gold pieces
 18400 | Orc:2    | Bought a potion of heal wounds for 85 gold pieces
 18400 | Orc:2    | Bought a potion of heal wounds for 85 gold pieces
 18400 | Orc:2    | Bought a potion of curing for 51 gold pieces
 18400 | Orc:2    | Bought a potion of mutation for 136 gold pieces
 18400 | Orc:2    | Bought a potion of curing for 51 gold pieces
 18400 | Orc:2    | Bought 2 potions of might for 136 gold pieces
 18404 | Orc:2    | Bought 2 potions of agility for 112 gold pieces
 18404 | Orc:2    | Bought 2 potions of curing for 84 gold pieces
 18404 | Orc:2    | Bought 2 potions of curing for 84 gold pieces
 18404 | Orc:2    | Bought a potion of curing for 42 gold pieces
 18404 | Orc:2    | Bought a potion of curing for 42 gold pieces
 19629 | D:12     | Found a portal to a secret trove of treasure.
 19684 | D:12     | You paid a toll of 15 potions of curing to enter a treasure trove
 19685 | Trove    | Entered a treasure trove
 19715 | Trove    | Identified a +0 pair of boots of running (You found it in a treasure trove)
 19718 | Trove    | Got a vibrating marble ring
 19720 | Trove    | Identified the ring of Ommiczon {rCorr rC- Str+10 Stlth+} (You found it in a treasure trove)
 19751 | Trove    | Got a faintly glowing fustibalus
 19752 | Trove    | Identified the +11 fustibalus of the Swamp {velocity, Int+3} (You found it in a treasure trove)
 19760 | Trove    | Got a faintly glowing rapier
 19761 | Trove    | Identified the +10 rapier of the Dungeon {pierce, +Blink Str+4 Dex+5} (You found it in a treasure trove)
 20181 | D:12     | Received a gift from Okawaru
 20692 | D:13     | Noticed Josephine
 20699 | D:13     | Killed Josephine
 20780 | D:13     | Reached XP level 15. HP: 136/136 MP: 5/16
 20802 | D:13     | Found a frozen archway.
 20846 | IceCv    | Entered an ice cave
 20874 | IceCv    | Noticed kaze's ghost (journeyman MiBe)
 20902 | IceCv    | Killed kaze's ghost
 21124 | IceCv    | Noticed a frost giant
 21144 | IceCv    | Killed a frost giant
 21182 | IceCv    | Got a shimmering hat
 21193 | IceCv    | Identified the cursed +0 hat "Akhok" {rElec rC+++ Str+4 Slay-5} (You found it in an ice cave)
 21230 | IceCv    | Got an ancient halberd
 21231 | IceCv    | Identified the +0 halberd of Duty {elec, rPois Int+3} (You found it in an ice cave)
 22243 | D:13     | Received a gift from Okawaru
 22579 | D:14     | Received a gift from Okawaru
 22583 | D:14     | Got a bloodstained trident {god gift}
 22584 | D:14     | Identified the +5 trident of the Feather {speed, +Fly rElec rC++} (Okawaru gifted it to you on level 14 of the Dungeon)
 22761 | D:14     | Noticed Louise
 22769 | D:14     | Killed Louise
 22946 | D:14     | Received a gift from Okawaru
 23401 | D:14     | Found a gate to the Vaults.
 23405 | D:14     | Cast into level 3 of the Abyss (a wizard)
 23448 | Abyss:3  | Noticed a tentacled monstrosity
 23466 | Abyss:3  | Killed a tentacled monstrosity
 23554 | Abyss:3  | Received a gift from Okawaru
 23586 | Abyss:3  | Paralysed by accursed screaming for 1 turns
 23595 | Abyss:3  | Reached XP level 16. HP: 124/147 MP: 2/17
 23659 | D:14     | Escaped the Abyss
 23704 | D:14     | Reached XP level 17. HP: 138/154 MP: 14/18
 23776 | D:15     | Entered Level 15 of the Dungeon
 23883 | D:15     | Found a labyrinth entrance.
 23905 | Lab      | Entered a labyrinth
 25106 | Lab      | Identified the Incunabulum of Thrice Damned Blessings
 25115 | Lab      | Got a shimmering plate armour
 25126 | Lab      | Identified the +9 plate armour of the Elephant {rElec rPois rF- Stlth-} (You found it in a labyrinth)
 25528 | D:15     | Found a staircase to the Depths.
 25543 | D:15     | Reached skill level 15 in Fighting
 26060 | Snake:1  | Entered Level 1 of the Snake Pit
 26232 | Snake:1  | Got a bone trident
 26233 | Snake:1  | Identified the +7 trident "Wilaoli" {freeze, rN+ Str+2} (You found it on level 1 of the Snake Pit)
 26365 | Snake:1  | Reached skill level 15 in Shields
 26770 | Snake:2  | Received a gift from Okawaru
 27344 | Snake:3  | Found Nafeisyl's Antique Armour Shop.
 27392 | Snake:3  | Reached skill level 15 in Armour
 27428 | Snake:3  | Found Peyjilaj's Food Shoppe.
 27477 | Snake:3  | Found Ihoycu's Antique Armour Shop.
 27489 | Snake:3  | Bought a runed hat for 252 gold pieces
 27684 | Snake:3  | Found Jurchopua's General Store.
 27687 | Snake:3  | Found Isaaxt's Distillery.
 27688 | Snake:3  | Bought a potion of curing for 51 gold pieces
 27695 | Snake:3  | Bought a potion of heal wounds for 55 gold pieces
 27695 | Snake:3  | Bought 2 potions of mutation for 176 gold pieces
 27695 | Snake:3  | Bought a potion of mutation for 88 gold pieces
 27695 | Snake:3  | Bought a potion of heal wounds for 55 gold pieces
 27695 | Snake:3  | Bought a potion of mutation for 88 gold pieces
 27695 | Snake:3  | Bought a potion of mutation for 88 gold pieces
 27763 | Snake:3  | Reached skill level 10 in Slings
 28097 | Snake:3  | Reached XP level 18. HP: 165/165 MP: 19/19
 28271 | Snake:4  | Entered Level 4 of the Snake Pit
 28288 | Snake:4  | Received a gift from Okawaru
 28303 | Snake:4  | Got a steaming hand axe {god gift}
 28304 | Snake:4  | Identified the +5 hand axe "Orb Guardian's Bane" {drain, rPois rN+ Dex-3} (Okawaru gifted it to you on level 4 of the Snake Pit)
 28733 | Snake:4  | Found Puynut's Weapon Boutique.
 28735 | Snake:4  | Found Cagifad's Gadget Boutique.
 28735 | Snake:4  | Found Cocluu's Food Shop.
 28738 | Snake:4  | Found Viskaag's Book Shop.
 28746 | Snake:4  | Bought a +4 broad axe of electrocution for 416 gold pieces
 28807 | Snake:4  | Received a gift from Okawaru
 29191 | Snake:4  | Received a gift from Okawaru
 29277 | Snake:4  | Received a gift from Okawaru
 29593 | Snake:4  | Got a serpentine rune of Zot
 29749 | Snake:4  | Received a gift from Okawaru
 30265 | Shoals:1 | Entered Level 1 of the Shoals
 30386 | Shoals:1 | Received a gift from Okawaru
 30841 | Shoals:2 | Noticed Jorgrun
 30849 | Shoals:2 | Reached XP level 19. HP: 174/174 MP: 20/20
 31301 | Shoals:2 | Killed Jorgrun
 31694 | Shoals:3 | Received a gift from Okawaru
 31884 | Shoals:3 | Got a crude battleaxe
 31885 | Shoals:3 | Identified the +8 battleaxe "Wiosero" {chop, Str+3 Stlth+} (You found it on level 3 of the Shoals)
 32495 | Shoals:4 | Entered Level 4 of the Shoals
 32552 | Shoals:4 | Reached skill level 5 in Invocations
 32610 | Shoals:4 | Noticed Ilsuiw
 32643 | Shoals:4 | Killed Ilsuiw
 32652 | Shoals:4 | Received a gift from Okawaru
 32697 | Shoals:4 | Received a gift from Okawaru
 32759 | Shoals:4 | Got a twisted cloak {god gift}
 32840 | Shoals:4 | Identified the +2 cloak "Duetiq" {Str+3} (Okawaru gifted it to you on level 4 of the Shoals)
 32985 | Shoals:4 | Got a shimmering spear
 32986 | Shoals:4 | Identified the +3 spear of Misery {pierce, +Rage rPois Str+6} (You found it on level 4 of the Shoals)
 33344 | Shoals:4 | Got a barnacled rune of Zot
 34136 | Elf:1    | Entered Level 1 of the Elven Halls
 34156 | Elf:1    | Found a radiant altar of Vehumet.
 34335 | Elf:1    | Cast into level 2 of the Abyss (a deep elf sorcerer)
 34349 | Abyss:2  | Found a basalt altar of Yredelemnul.
 34399 | Abyss:2  | Gained mutation: You are dopey. (Int -2) [a neqoxec]
 34403 | Abyss:2  | Reached XP level 20. HP: 187/187 MP: 23/23
 34459 | Elf:1    | Escaped the Abyss
 34807 | Elf:1    | Found Omynlesk's Assorted Antiques.
 34887 | Elf:1    | Noticed Aizul
 34901 | Elf:1    | Killed Aizul
 34970 | Elf:1    | Bought a scroll of blinking for 165 gold pieces
 35183 | Elf:2    | Received a gift from Okawaru
 35277 | Elf:2    | Noticed Roxanne
 35296 | Elf:2    | Killed Roxanne
 35298 | Elf:2    | Identified Roxanne's Papyrus of Shape Shifting (You took it off Roxanne on level 2 of the Elven Halls)
 35641 | Elf:2    | Found a huge runed gate.
 35641 | Elf:2    | Found a huge runed gate.
 35646 | Elf:2    | Found a huge runed gate.
 35646 | Elf:2    | Found a huge runed gate.
 35646 | Elf:2    | Found a huge runed gate.
 36286 | Elf:2    | Received a gift from Okawaru
 36624 | Elf:3    | Entered Level 3 of the Elven Halls
 36972 | Elf:3    | Received a gift from Okawaru
 36978 | Elf:3    | Cast into level 3 of the Abyss (a deep elf sorcerer)
 37323 | Elf:3    | Escaped the Abyss
 37358 | Elf:3    | Received a gift from Okawaru
 37358 | Elf:3    | Reached XP level 21. HP: 90/195 MP: 21/26
 37855 | Elf:3    | Identified the amulet "Kovyes" {Reflect rPois rN+ Int-3 SH+4 Stlth+} (You took it off a deep elf mage on level 3 of the Elven Halls)
 37883 | Elf:3    | Got a transparent hat {god gift}
 37911 | Elf:3    | Identified the +2 hat "Jokh" {Dex+4} (Okawaru gifted it to you on level 3 of the Elven Halls)
 38026 | Elf:3    | Got a wavering wooden ring
 38028 | Elf:3    | Identified the ring of Peisyif {Fire rElec Str+7} (You took it off a deep elf demonologist on level 3 of the Elven Halls)
 38035 | Elf:3    | Got a wavering lapis lazuli ring
 38037 | Elf:3    | Identified the ring of Trepidation {Fire *Corrode rElec Int+4} (You took it off a deep elf annihilator on level 3 of the Elven Halls)
 38041 | Elf:3    | Got a serpentine ruby amulet
 38042 | Elf:3    | Identified the amulet of Xaloet {Reflect *Drain *Slow +Inv Dex+6 SH+3} (You took it off a deep elf death mage on level 3 of the Elven Halls)
 38073 | Elf:3    | Got an ancient gossamer ring
 38075 | Elf:3    | Identified the ring "Eskomage" {+Blink rPois rN+} (You took it off a deep elf demonologist on level 3 of the Elven Halls)
 38107 | Elf:3    | Identified the Handbook of Malediction
 38604 | Vaults:1 | Entered Level 1 of the Vaults
 38996 | Vaults:1 | Identified the +6 glaive "Huqik" {chop, rF+ rC++ rN+} (You found it on level 1 of the Vaults)
 39133 | Vaults:1 | Gained mutation: Armour fits poorly on your strangely shaped body. [mutagenic meat]
 39134 | Vaults:1 | Gained mutation: You possess an exceptional clarity of mind. [mutagenic meat]
 39136 | Vaults:1 | Gained mutation: You expend magic power (3 MP) to strengthen your wands. [mutagenic meat]
 39156 | Vaults:1 | Gained mutation: You are resistant to hostile enchantments. (MR+) [mutagenic meat]
 39157 | Vaults:1 | Lost mutation: You passively map a small area around you. [mutagenic meat]
 39158 | Vaults:1 | Gained mutation: You are partially covered in thin metallic scales. (AC +2) [mutagenic meat]
 39159 | Vaults:1 | Gained mutation: You are weak. (Str -2) [mutagenic meat]
 39270 | Vaults:1 | Lost mutation: You possess an exceptional clarity of mind. [mutagenic meat]
 39271 | Vaults:1 | Gained mutation: Your movements are slightly less encumbered by armour. (ER -2) [mutagenic meat]
 39275 | Vaults:1 | Gained mutation: You have sharp toenails. [mutagenic meat]
 39278 | Vaults:1 | Lost mutation: You are partially covered in large bone plates. (SH +4) [mutagenic meat]
 39324 | Vaults:1 | Received a gift from Okawaru
 39380 | Vaults:1 | Lost mutation: Armour fits poorly on your strangely shaped body. [potion of mutation]
 39380 | Vaults:1 | Lost mutation: You are dopey. (Int -2) [potion of mutation]
 39380 | Vaults:1 | Gained mutation: Scrolls take you a little longer to read. [potion of mutation]
 39380 | Vaults:1 | Gained mutation: Your mind is acute. (Int +2) [potion of mutation]
 39380 | Vaults:1 | Gained mutation: Your flesh is heat resistant. (rF+) [potion of mutation]
 40048 | Vaults:2 | Found a staircase to the Crypt.
 40048 | Vaults:2 | Found a basalt altar of Yredelemnul.
 40048 | Vaults:2 | Found an ancient bone altar of Kikubaaqudgha.
 40175 | Vaults:2 | Lost mutation: You are agile. (Dex +2) [mutagenic meat]
 40176 | Vaults:2 | Gained mutation: You are highly resistant to hostile enchantments. (MR++) [mutagenic meat]
 40177 | Vaults:2 | Gained mutation: Armour fits poorly on your strangely shaped body. [mutagenic meat]
 40178 | Vaults:2 | Gained mutation: You are extremely resistant to the effects of hostile enchantments. (MR+++) [mutagenic meat]
 40180 | Vaults:2 | Lost mutation: Scrolls take you a little longer to read. [mutagenic meat]
 40664 | Vaults:2 | Received a gift from Okawaru
 41239 | Vaults:2 | Noticed Sojobo
 41264 | Vaults:2 | Killed Sojobo
 41264 | Vaults:2 | Reached XP level 22. HP: 184/209 MP: 27/27
 41594 | Vaults:3 | Found Qupsekess's Jewellery Emporium.
 42213 | Vaults:3 | Received a gift from Okawaru
 42216 | Vaults:3 | Got an iridescent fustibalus {god gift}
 42217 | Vaults:3 | Identified the +4 fustibalus of Nodem {velocity, rC+++ MR+ Dex-3 Stlth+} (Okawaru gifted it to you on level 3 of the Vaults)
 42271 | Vaults:3 | Noticed Frederick
 42291 | Vaults:3 | Killed Frederick
 43170 | Vaults:4 | Received a gift from Okawaru
 43174 | Vaults:4 | Got a scorched plate armour {god gift}
 43200 | Vaults:4 | Identified the +1 plate armour of the Gloaming {rF+} (Okawaru gifted it to you on level 4 of the Vaults)
 43270 | Vaults:4 | Found Qukhy's Food Shoppe.
 43465 | Vaults:4 | Got a pair of fine gloves
 43476 | Vaults:4 | Identified the +1 pair of gloves "Sunnahar" {*Contam rF+ Int+5 Dex+2} (You acquired it on level 4 of the Vaults)
 43662 | Vaults:5 | Entered Level 5 of the Vaults
 43700 | Vaults:5 | Reached XP level 23. HP: 197/221 MP: 22/28
 44025 | Vaults:5 | Received a gift from Okawaru
 44534 | Vaults:5 | Got a dazzling mace
 44544 | Vaults:5 | Identified the +5 mace of the Neverending Orbs {venom, *Slow rC+++ SInv Stlth+} (You found it on level 5 of the Vaults)
 44612 | Vaults:5 | Got a silver rune of Zot
 44926 | Depths:1 | Entered Level 1 of the Depths
 45135 | Depths:1 | Found a gateway to Hell.
 45324 | Depths:2 | Received a gift from Okawaru
 45416 | Depths:3 | Reached XP level 24. HP: 225/233 MP: 29/29
 45442 | Depths:3 | Learned a level 2 spell: Blink
 45524 | Depths:5 | Entered Level 5 of the Depths
 45525 | Depths:5 | Found a gateway to a ziggurat.
 45729 | Depths:5 | Found a gate to the Realm of Zot.
 45838 | Zot:1    | Entered Level 1 of the Realm of Zot
 45996 | Zot:1    | Received a gift from Okawaru
 46255 | Zot:1    | Received a gift from Okawaru
 46435 | Zot:1    | Noticed an orb of fire
 46446 | Zot:1    | Gained mutation: You tend to lose your temper in combat. [an orb of fire]
 46454 | Zot:1    | Killed an orb of fire
 46454 | Zot:1    | Received a gift from Okawaru
 47161 | Zot:1    | Received a gift from Okawaru
 47244 | Zot:2    | Received a gift from Okawaru
 47247 | Zot:2    | Reached XP level 25. HP: 152/242 MP: 29/29
 47495 | Zot:4    | Received a gift from Okawaru
 47590 | Zot:5    | Entered Level 5 of the Realm of Zot
 47677 | Zot:5    | Received a gift from Okawaru
 47803 | Zot:5    | Noticed an ancient lich
 47820 | Zot:5    | Killed an ancient lich
 48010 | Zot:5    | Noticed an ancient lich
 48011 | Zot:5    | Noticed an orb of fire
 48030 | Zot:5    | Gained mutation: Scrolls take you a little longer to read. [an orb of fire]
 48031 | Zot:5    | Killed an orb of fire
 48045 | Zot:5    | Killed an ancient lich
 48045 | Zot:5    | Received a gift from Okawaru
 48098 | Zot:5    | Reached skill level 10 in Invocations
 48112 | Zot:5    | Received a gift from Okawaru
 48287 | Zot:5    | Noticed an orb of fire
 48301 | Zot:5    | Gained mutation: Potions are less effective at restoring your health. [an orb of fire]
 48307 | Zot:5    | Killed an orb of fire
 48377 | Zot:5    | Lost mutation: Your flesh is heat resistant. (rF+) [potion of mutation]
 48377 | Zot:5    | Lost mutation: Scrolls take you a little longer to read. [potion of mutation]
 48377 | Zot:5    | Lost mutation: You expend magic power (3 MP) to strengthen your wands. [potion of mutation]
 48377 | Zot:5    | Lost mutation: Your mind is acute. (Int +2) [potion of mutation]
 48377 | Zot:5    | Lost mutation: You have sharp toenails. [potion of mutation]
 48377 | Zot:5    | Gained mutation: You heal very quickly. [potion of mutation]
 48408 | Zot:5    | Noticed an orb of fire
 48411 | Zot:5    | Gained mutation: You are partially covered in rugged brown scales. (AC +1, +3% HP) [an orb of fire]
 48415 | Zot:5    | Gained mutation: You are frail. (-10% HP) [an orb of fire]
 48435 | Zot:5    | Killed an orb of fire
 48595 | Zot:5    | Got the Orb of Zot
 48626 | Zot:5    | Noticed a seraph
 48684 | Zot:5    | Noticed Cinki the pandemonium lord
 48690 | Zot:5    | Killed a seraph
 48690 | Zot:5    | Reached XP level 26. HP: 209/236 MP: 24/29
 48865 | Depths:5 | Gained mutation: You are very weak. (Str -4) [a cacodemon]
 48868 | Depths:5 | Received a gift from Okawaru
 48871 | Depths:5 | Gained mutation: Your spells are a little easier to cast, but a little less powerful. [a cacodemon]
 48906 | Depths:5 | Noticed Pesye the pandemonium lord
 48928 | Depths:5 | Killed Pesye the pandemonium lord
 48952 | Depths:5 | Gained mutation: Potions are poor at restoring your health. [a neqoxec]
 49042 | Depths:1 | Noticed Bai Suzhen
 49062 | Depths:1 | Killed Bai Suzhen
 49062 | Depths:1 | Received a gift from Okawaru
 49485 | D:4      | Gained mutation: You are dopey. (Int -2) [a neqoxec]
 49488 | D:4      | Noticed Savaxt the pandemonium lord
 49497 | D:4      | Killed Savaxt the pandemonium lord
 49557 | D:1      | Lost mutation: Potions are poor at restoring your health. [potion of mutation]
 49557 | D:1      | Lost mutation: Your spells are a little easier to cast, but a little less powerful. [potion of mutation]
 49557 | D:1      | Lost mutation: You are frail. (-10% HP) [potion of mutation]
 49557 | D:1      | Lost mutation: You are very weak. (Str -4) [potion of mutation]
 49557 | D:1      | Lost mutation: Potions are less effective at restoring your health. [potion of mutation]
 49557 | D:1      | Lost mutation: You are partially covered in thin metallic scales. (AC +2) [potion of mutation]
 49557 | D:1      | Gained mutation: You have large cloven feet. [potion of mutation]
 49559 | D:$      | Escaped with the Orb!

Skill      XL: |  1  2  3  4  5  6  7  8  9 10 11 12 13 14 15 16 17 18 19 20 21 22 23 24 25 |
---------------+----------------------------------------------------------------------------+-----
Fighting       | 4 5 6 7 8 9 10 11 12 13 14 15 16 17 18 20 21 22 23 24 | 24.2
Polearms       | 2 4 5 6 7 9 10 11 | 11.8
Armour         | 3 4 5 7 8 10 11 12 13 14 15 16 17 18 19 20 21 22 | 22.6
Dodging        | 1 2 3 4 5 6 7 8 |  8.1
Slings         | 2 4 5 6 7 8 10 11 12 13 14 | 14.9
Stealth        | 2 3 4 |  4.4
Shields        | 2 4 6 7 9 10 11 13 15 17 18 19 20 21 23 24 | 24.6
Invocations    | 1 2 3 6 8 9 10 | 10.4
Axes           | 3 6 10 11 14 15 16 17 18 19 20 21 22 23 | 23.3
Throwing       | 1 2 3 |  3.2
Evocations     | 2 |  2.1
Spellcasting   | |  1.1
Charms         | |  0.1
Necromancy     | |  1.5

Action                   |  1- 3 |  4- 6 |  7- 9 | 10-12 | 13-15 | 16-18 | 19-21 | 22-24 | 25-27 || total
-------------------------+-------+-------+-------+-------+-------+-------+-------+-------+-------++-------
Melee: Spear             |    65 |   176 |   507 |    26 |       |       |       |       |       ||   774
       Headbutt          |     7 |    24 |   116 |   181 |   432 |   295 |   316 |   366 |   181 ||  1918
       Hand axe          |       |       |    39 |    43 |       |       |       |       |       ||    82
       Trident           |       |       |     6 |    81 |    77 |     8 |     5 |     5 |       ||   182
       War axe           |       |       |       |   353 |  1031 |   693 |   234 |       |    47 ||  2358
       Battleaxe         |       |       |       |    39 |    87 |       |       |       |       ||   126
       Halberd           |       |       |       |    89 |       |       |       |       |       ||    89
       Fustibalus        |       |       |       |       |       |     2 |       |       |       ||     2
       Broad axe         |       |       |       |       |       |       |   660 |   858 |   408 ||  1926
       Demon trident     |       |       |       |       |       |       |     4 |       |       ||     4
 Fire: Hunting sling     |       |       |    48 |    72 |   134 |       |       |       |       ||   254
       Fustibalus        |       |       |       |       |    50 |   366 |   700 |   236 |     9 ||  1361
Throw: Tomahawk          |       |       |       |    18 |    26 |       |       |       |       ||    44
       Javelin           |       |       |       |       |       |       |     4 |       |       ||     4
 Cast: Regeneration      |       |       |       |       |       |       |     1 |       |       ||     1
Invok: Heroism           |       |       |     8 |    13 |    22 |     6 |    12 |     7 |    10 ||    78
       Finesse           |       |       |       |       |       |     1 |     4 |     4 |     6 ||    15
Evoke: Wand              |       |       |       |       |    14 |     2 |     2 |     1 |     7 ||    26
  Use: Scroll            |       |       |    12 |     7 |    18 |     7 |    13 |     6 |     1 ||    64
       Potion            |       |       |       |    15 |       |     1 |     3 |     2 |     6 ||    27
 Stab: Sleeping          |     1 |       |       |     1 |     7 |       |     4 |     7 |       ||    20
       Petrified         |       |       |       |       |       |       |     2 |       |       ||     2
       Distracted        |       |       |       |       |       |       |     2 |       |       ||     2
  Eat: Chunk             |       |     7 |    13 |    21 |    35 |    13 |    50 |    18 |     5 ||   162
       Royal jelly       |       |       |       |     1 |       |     2 |       |       |       ||     3
       Meat ration       |       |       |       |       |       |     1 |       |       |       ||     1
       Fruit             |       |       |       |       |       |       |     1 |       |       ||     1
       Bread ration      |       |       |       |       |       |       |       |       |     1 ||     1
Armor: Robe              |     4 |       |       |       |       |       |       |       |       ||     4
       Ring mail         |     8 |    13 |       |       |       |       |       |       |       ||    21
       Scale mail        |       |    54 |   180 |    93 |    62 |       |       |       |       ||   389
       Skin              |       |       |     3 |       |       |       |       |       |       ||     3
       Troll leather arm |       |       |       |     1 |    29 |       |       |       |       ||    30
       Chain mail        |       |       |       |   167 |    82 |       |       |       |       ||   249
       Plate armour      |       |       |       |       |   265 |   182 |   251 |   208 |    67 ||   973
Dodge: Dodged            |    33 |    70 |   158 |   309 |   417 |   156 |   181 |   199 |   112 ||  1635
Block: Shield            |       |       |   153 |   280 |   574 |       |       |       |       ||  1007
       Other             |       |       |       |    40 |    13 |       |       |       |       ||    53
       Buckler           |       |       |       |       |    60 |       |       |       |       ||    60
       Large shield      |       |       |       |       |   527 |   966 |  1281 |  1059 |   487 ||  4320
       Reflection        |       |       |       |       |       |       |    48 |    55 |     7 ||   110
